 Dungeon Crawl Stone Soup version 0.29-a0-1027-gcd8c55af63 (webtiles) character file.

Game seed: 16846773302328759927

26397 ytrimaz the Severer (level 12, -4/94 HPs)
             Began as a Demonspawn Berserker on Aug 12, 2022.
             Was a High Priest of Trog.
             Shot with an arrow by a deep elf archer (14 damage)
             ... on level 13 of the Dungeon on Aug 14, 2022.
             The game lasted 00:21:35 (15013 turns).

ytrimaz the Severer (Demonspawn Berserker)         Turns: 15013, Time: 00:21:36

Health: -4/94      AC: 30    Str: 26    XL:     12   Next: 98%
Magic:  14/14      EV: 23    Int:  7    God:    Trog [*****.]
Gold:   364        SH:  0    Dex: 13    Spells: 11/11 levels left

rFire   . . .      SeeInvis .   z - +5 war axe (flame)
rCold   . . .      Faith    .   (no shield)
rNeg    + . .      Spirit   .   G - +0 plate armour
rPois   +          Reflect  .   (helmet restricted)
rElec   .          Harm     .   c - +2 ratskin cloak {*Rats rPois rN+ Str-1 Int-1 Dex+1}
rCorr   .          Rampage  .   J - +2 pair of gloves {Str+3}
Will    .....                   p - +2 pair of boots
Stlth   ..........              R - amulet of the acrobat
HPRegen 0.25/turn               l - +4 ring of protection
MPRegen 0.14/turn               r - +4 ring of slaying

@: acrobatic
A: horns 2, molten scales 2, powered by pain 2, condensation shield
a: Renounce Religion, Berserk, Trog's Hand, Brothers in Arms


You were on level 13 of the Dungeon.
You worshipped Trog.
Trog was extremely pleased with you.
You visited 1 branch of the dungeon, and saw 13 of its levels.

You collected 799 gold pieces.
You spent 435 gold pieces at shops.

Inventory:

Hand Weapons
 a - a +1 hand axe
 u - a +5 antimagic battleaxe
 z - a +5 war axe of flaming (weapon)
Missiles
 j - a throwing net (quivered)
 o - 7 boomerangs
Armour
 c - the +2 ratskin cloak (worn) {*Rats rPois rN+ Str-1 Int-1 Dex+1}
   (You found it on level 12 of the Dungeon)

   When the wearer is hurt, rats may emerge from it to assist them.
   Str:       It affects your strength (-1).
   Int:       It affects your intelligence (-1).
   Dex:       It affects your dexterity (+1).
   rPois:     It protects you from poison.
   rN:        It protects you from negative energy.
 p - a +2 pair of boots (worn)
 G - a +0 plate armour (worn)
 J - a +2 pair of gloves of strength (worn)
 L - a +2 cloak
Jewellery
 h - a +4 ring of evasion
 l - a +4 ring of protection (left hand)
 r - a +4 ring of slaying (right hand)
 E - a +6 ring of dexterity
 R - an amulet of the acrobat (around neck)
Wands
 e - a wand of polymorph (3)
 m - a wand of flame (57)
 n - a wand of charming (3)
 t - a wand of roots (24)
 F - a wand of mindburst (20)
 O - a wand of acid (7)
 Q - a wand of digging (8)
Scrolls
 b - 7 scrolls of teleportation
 f - a scroll of brand weapon
 q - 5 scrolls of vulnerability
 v - 6 scrolls of blinking
 w - a scroll of magic mapping
 x - a scroll of butterflies
 y - 3 scrolls of noise
 H - 2 scrolls of immolation
 N - 2 scrolls of summoning
 S - a scroll of identify
Potions
 d - 3 potions of heal wounds
 g - 2 potions of berserk rage
 i - 5 potions of flight
 k - 2 potions of attraction
 s - 9 potions of curing
 A - 3 potions of mutation
 D - 2 potions of ambrosia {unknown}
 I - a potion of invisibility
 K - 2 potions of magic
 M - a potion of lignification {unknown}
 P - a potion of resistance
Miscellaneous
 B - a condenser vane
 C - a phial of floods


   Skills:
 + Level 8.9 Fighting
 - Level 2.3(2.8) Short Blades
 - Level 2.2(2.8) Long Blades
 - Level 16.0 Axes
 - Level 2.2 Staves
 - Level 2.1 Ranged Weapons
 - Level 2.6 Throwing
 + Level 7.4 Armour
 - Level 1.7 Dodging
 - Level 1.5 Shields
 - Level 3.2 Invocations
 - Level 2.4 Evocations


You had 11 spell levels left.
You didn't know any spells.
Your spell library was empty.

Dungeon Overview and Level Annotations

Branches:
Dungeon (13/15)            Temple (0/1) D:4            Lair (0/5) D:10
    Orc (0/2) D:10
 Vaults: D:13-14

Altars:
Okawaru
Ru

Shops:
D:5 ?   D:7 =   D:8 [=   D:11 (

Annotations:
D:3 3 runed translucent doors, frimble's ghost, amateur DsEE
D:11 5 runed translucent doors, Manisian's ghost, journeyman SpCj


Innate Abilities, Weirdness & Mutations

You have a pair of horns on your head.
You are mostly covered in molten scales. (AC +3)
You sometimes gain power by taking damage.
A meltable shield of frost defends you. (SH +0)


Message History

You are covered in liquid flames!
* * * LOW HITPOINT WARNING * * *
You are no longer on fire.
The deep elf pyromancer is engulfed in blazing flames.
The fire elemental hits you.
Unknown command.
You feel much better.
Your river rat closely misses the fire elemental.
The deep elf pyromancer is engulfed in blazing flames.
The deep elf pyromancer dies!
The fire elemental disappears in a puff of smoke! x2
Unknown command.
You swap places.
The deep elf zephyrmancer casts a spell at you.
The bolt of lightning misses you.
The bolt of lightning hits your hell rat!!
Your hell rat dies!
The deep elf zephyrmancer points at you and mumbles some strange words.
The bolt of lightning hits you!!
* * * LOW HITPOINT WARNING * * *
A river rat scurries out from under your cloak.
You slash the deep elf zephyrmancer! You burn the deep elf zephyrmancer.
You kill the deep elf zephyrmancer!
Trog accepts your kill.
Trog appreciates your killing of a magic user.
The deep elf archer unwields a +0 dagger.
The deep elf archer wields a +0 shortbow.
The deep elf archer shoots an arrow.
The arrow hits your river rat!!
Your river rat dies!
Unknown command.
The deep elf archer shoots an arrow.
The arrow barely misses you.
Things that are here:
a +0 long sword; a +0 ring mail; an elf corpse The deep elf archer shoots an arrow.
The arrow barely misses your river rat. The arrow misses you.
A deep elf archer is nearby!
The deep elf archer shoots an arrow.
The arrow closely misses your river rat.
The arrow hits you!
You die...

#.###....###.....(..#..
###.#.....## #........#..
#..........###...........
##...#......##.....##.#..
##..#............# ###..
#............... ##.
###.......... ###..
#.#....#......# #....
#####.@##### #... .....
.. #..# #...T..##. .##).#
##...## #. #.#..# #
#.....# ##
#..##)#r.#.##..#......##.
#.°§e......# #.........
###.#.)#.### #......<..
.......... ..........
........................


You could see a deep elf archer (repels missiles, ally target) and a friendly
river rat.

Vanquished Creatures
  Rupert (D:12)
  3 boulder beetles
  2 centaur warriors (D:13)
  2 two-headed ogres
  A skeletal warrior (D:11)
  2 deep elf pyromancers
  A deep elf zephyrmancer (D:13)
  3 ugly things
  2 cyclopes
  3 manticores
  2 centaur skeletons (D:13)
  3 kobold demonologists
  An efreet (D:11)
  A komodo dragon (D:13)
  2 hornets
  4 trolls
  9 slime creatures
  A shadow (D:7)
  A wraith (D:11)
  A water elemental (D:11)
  A vampire (D:7)
  16 yaks
  A wyvern (D:9)
  21 vampire mosquitoes
  2 acid dragons
  2 water moccasins
  2 orc warriors
  A sky beast (D:6)
  6 black bears
  11 centaurs
  An ogre (D:7)
  6 phantoms
  7 kobold brigands
  4 bullfrogs
  A necrophage (D:5)
  5 scorpions
  3 wights (D:10)
  6 killer bees (D:8)
  5 electric eels (D:11)
  6 howler monkeys
  2 hounds
  5 orc priests
  A gnoll bouda (D:5)
  2 jellies
  Jessica (D:2)
  An iguana (D:4)
  Ijyb (D:5)
  10 orc wizards
  3 gnolls (D:5)
  11 adders
  2 shadow imps (D:7)
  3 white imps
  4 ufetubi
  3 worms
  2 dart slugs
  36 orcs
  5 ball pythons
  9 endoplasms
  A giant cockroach (D:2)
  7 goblins
  5 hobgoblins
  11 jackals
  3 quokkas (D:2)
  2 bats
  4 frilled lizards
  21 kobolds
  7 rats
314 creatures vanquished.

Vanquished Creatures (others)
  A deep elf pyromancer (D:13)
  18 fungi (D:10)
  43 plants
62 creatures vanquished.

Grand Total: 376 creatures vanquished

Notes
Turn   | Place    | Note
-------+----------+-------------------------------------------
     0 | D:1      | ytrimaz the Demonspawn Berserker began the quest for the
                  | Orb.
     0 | D:1      | Reached XP level 1. HP: 18/18 MP: 1/1
   167 | D:1      | Reached skill level 3 in Axes
   266 | D:1      | Gained mutation: You sometimes gain a little power by
                  | taking damage. [demonic ancestry]
   266 | D:1      | Reached XP level 2. HP: 22/24 MP: 2/2
  1288 | D:2      | Noticed Jessica
  1297 | D:2      | Killed Jessica
  1298 | D:2      | Reached skill level 4 in Axes
  1298 | D:2      | Gained mutation: You are partially covered in molten
                  | scales. (AC +2) [demonic ancestry]
  1298 | D:2      | Reached XP level 3. HP: 18/29 MP: 3/3
  1658 | D:2      | Reached ** piety under Trog
  1918 | D:2      | Gained mutation: You have a pair of small horns on your
                  | head. [demonic ancestry]
  1918 | D:2      | Reached XP level 4. HP: 30/35 MP: 4/4
  2270 | D:3      | Reached skill level 5 in Axes
  2409 | D:3      | Reached XP level 5. HP: 40/41 MP: 5/5
  2636 | D:3      | Found a runed translucent gate.
  2638 | D:3      | Found a runed translucent gate.
  2639 | D:3      | Found a runed translucent gate.
  2643 | D:3      | Noticed frimble's ghost (amateur DsEE)
  3142 | D:4      | Found a staircase to the Ecumenical Temple.
  3145 | D:4      | Noticed a phantom
  3157 | D:4      | Killed a phantom
  3158 | D:4      | Reached skill level 6 in Axes
  3209 | D:4      | Noticed a phantom
  3219 | D:4      | Killed a phantom
  3220 | D:4      | Gained mutation: You sometimes gain power by taking damage.
                  | [demonic ancestry]
  3220 | D:4      | Reached XP level 6. HP: 47/47 MP: 6/6
  3427 | D:4      | Reached *** piety under Trog
  3490 | D:4      | Found an iron altar of Okawaru.
  4044 | D:5      | Entered Level 5 of the Dungeon
  4085 | D:5      | Noticed Ijyb
  4094 | D:5      | Killed Ijyb
  4095 | D:5      | Reached skill level 7 in Axes
  4147 | D:5      | Gained mutation: A meltable shield of frost defends you.
                  | (SH +0) [demonic ancestry]
  4147 | D:5      | Reached XP level 7. HP: 38/52 MP: 7/7
  4528 | D:5      | Found Dimat's Magic Scroll Boutique.
  4532 | D:5      | Bought a scroll of teleportation for 33 gold pieces
  4532 | D:5      | Bought a scroll of blinking for 82 gold pieces
  4532 | D:5      | Bought a scroll of blinking for 82 gold pieces
  4532 | D:5      | Bought 2 scrolls of teleportation for 66 gold pieces
  4560 | D:5      | Reached skill level 8 in Axes
  5137 | D:6      | Reached skill level 9 in Axes
  5137 | D:6      | Gained mutation: You have a pair of horns on your head.
                  | [demonic ancestry]
  5137 | D:6      | Reached XP level 8. HP: 55/58 MP: 8/8
  5350 | D:6      | Reached skill level 1 in Shields
  5611 | D:6      | Reached skill level 10 in Axes
  6055 | D:7      | Found Qipuevof's One-of-a-Kind Rings.
  6062 | D:7      | Reached **** piety under Trog
  6218 | D:7      | Noticed a hornet
  6219 | D:7      | Paralysed by a hornet for 2 turns
  6232 | D:7      | Killed a hornet
  6233 | D:7      | Reached skill level 11 in Axes
  6233 | D:7      | Reached XP level 9. HP: 34/63 MP: 9/9
  6971 | D:7      | Noticed a manticore
  6988 | D:7      | Killed a manticore
  6989 | D:7      | Reached skill level 12 in Axes
  7268 | D:7      | Noticed a purple ugly thing
  7280 | D:7      | Killed a purple ugly thing
  7281 | D:7      | Reached skill level 13 in Axes
  7288 | D:7      | Reached XP level 10. HP: 30/70 MP: 10/10
  7298 | D:7      | Identified the +7 dagger of Utadeumm {vorpal, rF+ Str+4
                  | SInv}
  8302 | D:8      | Found Bijuisko's Jewellery Boutique.
  8384 | D:8      | Found Fow Riza's Antique Armour Boutique.
  8391 | D:8      | Bought a pair of runed gloves for 172 gold pieces
  8504 | D:9      | Reached skill level 14 in Axes
  9003 | D:9      | Reached ***** piety under Trog
  9279 | D:10     | Entered Level 10 of the Dungeon
  9447 | D:10     | Found a staircase to the Lair.
  9459 | D:10     | Reached skill level 15 in Axes
 10116 | D:10     | Found a staircase to the Orcish Mines.
 10189 | D:10     | Reached XP level 11. HP: 75/75 MP: 11/11
 10486 | D:11     | Found a runed translucent door.
 10489 | D:11     | Noticed Manisian's ghost (journeyman SpCj)
 10635 | D:11     | Reached skill level 16 in Axes
 10635 | D:11     | Reached skill level 1 in Throwing
 10647 | D:11     | Reached skill level 1 in Invocations
 11051 | D:11     | Reached skill level 1 in Long Blades
 11051 | D:11     | Reached skill level 1 in Evocations
 11056 | D:11     | Reached skill level 1 in Short Blades
 11056 | D:11     | Reached skill level 1 in Staves
 11056 | D:11     | Reached skill level 1 in Ranged Weapons
 11068 | D:11     | Found Ecim's Antique Weapon Emporium.
 11271 | D:11     | Found a large runed translucent door.
 11274 | D:11     | Noticed a five-headed hydra
 11275 | D:11     | Found a large runed translucent door.
 11275 | D:11     | Noticed an ogre mage
 11333 | D:11     | Noticed a skeletal warrior
 11352 | D:11     | Killed a skeletal warrior
 11599 | D:11     | Found a large runed translucent door.
 11599 | D:11     | Found a large runed translucent door.
 11605 | D:11     | Noticed a boulder beetle
 11625 | D:11     | Killed a boulder beetle
 12319 | D:11     | Noticed a two-headed ogre
 12326 | D:11     | Killed a two-headed ogre
 12569 | D:11     | Received a gift from Trog
 12693 | D:11     | Noticed a white ugly thing
 12703 | D:11     | Killed a white ugly thing
 13179 | D:12     | Gained mutation: You are mostly covered in molten scales.
                  | (AC +3) [demonic ancestry]
 13179 | D:12     | Reached XP level 12. HP: 69/83 MP: 14/14
 13271 | D:12     | Noticed a boulder beetle
 13282 | D:12     | Killed a boulder beetle
 13301 | D:12     | Found the +2 ratskin cloak {*Rats rPois rN+ Str-1 Int-1
                  | Dex+1}
 13304 | D:12     | Noticed Rupert
 13316 | D:12     | Paralysed by Rupert for 5 turns
 13326 | D:12     | Killed Rupert
 13327 | D:12     | Reached skill level 5 in Fighting
 13768 | D:12     | Noticed a two-headed ogre
 13775 | D:12     | Killed a two-headed ogre
 13849 | D:12     | Reached skill level 5 in Armour
 14134 | D:12     | Found a sacrificial altar of Ru.
 14530 | D:13     | Noticed a centaur warrior
 14632 | D:13     | Noticed a centaur warrior
 14646 | D:13     | Killed a centaur warrior
 14651 | D:13     | Killed a centaur warrior
 14655 | D:13     | Noticed a boulder beetle
 14680 | D:13     | Killed a boulder beetle
 15005 | D:13     | HP: 4/94 [deep elf pyromancer/bolt of fire (16)]
 15006 | D:13     | HP: 1/94 [burnt (3)]
 15013 | D:13     | Shot with an arrow by a deep elf archer

Illustrated notes

Levels and vault maps discovered:
D:1:      heliophobic_arrival_dark_side_of_the_moon, layout_basic
D:2:      layout_basic, minmay_pentomino_pile, uniq_jessica
D:3:      layout_basic, gammafunk_ghost_split
D:4:      layout_basic, okawaru_gym_becter, minmay_temple_entry_large_hall
D:5:      layout_loops_cross, serial_shops, nicolae_shop_trees, uniq_ijyb
D:6:      layout_basic
D:7:      minmay_the_grid_triangle_9x9_rhombus_thin
          [minmay_the_grid_triangle_9x9_stretched_checkered,
          minmay_the_grid_triangle_9x9_prize_insulated,
          minmay_the_grid_triangle_9x9_intruding_spiral,
          minmay_the_grid_triangle_9x9_wacky_v], layout_basic,
          mainiacjoe_overflow_boulevard, nicolae_shop_unique_rings
D:8:      layout_rooms, serial_shops, kennysheep_little_box, shop
D:9:      layout_roguey
D:10:     layout_gridville, due_lair_maze_entry_diamond, orc_0_dummy
D:11:     layout_gridville, serial_shops, shop, ebering_ghost_inner_flame,
          portal_ice_cave_entry_pillars_2, serial_bayou, serial_bayou_shore_a,
          serial_bayou_shore_b, serial_bayou_pond_c, serial_bayou_pond_c,
          serial_bayou_pond_e, minmay_hollow_rounded_squares
D:12:     layout_loops_ring, nicolae_ru_awakened_eye, uniq_rupert
D:13:     cheibrodos_statue_roulette, layout_cave_pools,
          hangedman_vaults_entry_quadrant_bands

Skill      XL: |  1  2  3  4  5  6  7  8  9 10 11 12 |
---------------+-------------------------------------+-----
Axes           | 3 4 5 6 7 9 11 13 15 16 | 16.0
Shields        | 1 |  1.5
Throwing       | 2 |  2.6
Invocations    | 3 |  3.2
Long Blades    | 2 |  2.2
Evocations     | 2 |  2.4
Short Blades   | 2 |  2.3
Staves         | 2 |  2.2
Ranged Weapons | 2 |  2.1
Armour         | 3 7 |  7.4
Fighting       | 4 8 |  8.9
Dodging        | |  1.7

Action                   |  1- 3 |  4- 6 |  7- 9 | 10-12 || total
-------------------------+-------+-------+-------+-------++-------
Melee: Hand axe          |   100 |   138 |   137 |       ||   375
       Punch             |     1 |     1 |     3 |     9 ||    14
       Headbutt          |       |    21 |    40 |    89 ||   150
       War axe           |       |       |    64 |   423 ||   487
Invok: Berserk           |       |     2 |     3 |     4 ||     9
       Trog's Hand       |       |       |       |     1 ||     1
  Use: Scroll            |     3 |    10 |     3 |    13 ||    29
       Potion            |       |       |     2 |     3 ||     5
 Stab: Sleeping          |       |     1 |       |       ||     1
Armor: Animal skin       |    26 |    72 |       |       ||    98
       Scale mail        |       |       |   106 |   133 ||   239
       Plate armour      |       |       |       |   116 ||   116
Dodge: Dodged            |    59 |    86 |    77 |   182 ||   404
Block: Other             |       |       |    22 |    66 ||    88

Table legend: (Time is in decaauts)
 A = Elapsed time spent in this place.
 B = Non-inter-level travel time spent in this place.
 C = Inter-level travel time spent in this place.
 D = Time resting spent in this place.
 E = Time spent auto-exploring this place.
 F = Levels seen in this place.
 G = Mean time per level.
                   A        B        C        D        E       F      G
               +--------+--------+--------+--------+--------+-----+--------+
         Total |  15010 |  14521 |    489 |   2432 |   9993 |  13 | 1154.6 |
       Dungeon |  15010 |  14521 |    489 |   2432 |   9993 |  13 | 1154.6 |
               +--------+--------+--------+--------+--------+-----+--------+

Top non-repeatable levels by time:
    D:11: 2613 daAuts
     D:7: 1706 daAuts
    D:12: 1517 daAuts
     D:1: 1217 daAuts
    D:10: 1197 daAuts
     D:4: 1145 daAuts
     D:6: 1044 daAuts
     D:2: 1011 daAuts
     D:5: 963 daAuts
     D:9: 770 daAuts
     D:8: 735 daAuts
     D:3: 697 daAuts
    D:13: 389 daAuts
